 Dungeon Crawl Stone Soup version 0.30.0-13-g156ef70053 (webtiles) character file.

Game seed: 14103308149358452931

2 ProzacElf the Sneak (level 1, -5/18 HPs)
             Began as a Demonspawn Delver on May 18, 2023.
             Was an Initiate of Nemelex Xobeh.
             Killed from afar by a white imp (7 damage)
             ... with a puff of frost
             ... on level 5 of the Dungeon.
             The game lasted 00:01:58 (177 turns).

ProzacElf the Sneak (Demonspawn Delver)              Turns: 177, Time: 00:01:58

Health: -5/18      AC:  3    Str: 12    XL:     1   Next: 33%
Magic:  1/1        EV: 11    Int: 11    God:    Nemelex Xobeh [......]
Gold:   19         SH:  0    Dex: 14    Spells: 0/0 levels left

rFire   . . .        a - +0 falchion
rCold   . . .        (no shield)
rNeg    . . .        b - +0 leather armour
rPois   .            (no helmet)
rElec   .            (no cloak)
rCorr   .            (no gloves)
SInv    .            (no boots)
Will    .....        (no amulet)
Stlth   ++           (no ring)
HPRegen 0.23/turn    (no ring)
MPRegen 0.07/turn

%: no passive effects
@: no status effects
A: no striking features
a: Renounce Religion, Draw Escape, Draw Destruction, Draw Summoning


You were on level 5 of the Dungeon.
You worshipped Nemelex Xobeh.
Nemelex Xobeh was noncommittal.
You visited 2 branches of the dungeon, and saw 2 of its levels.

You collected 19 gold pieces.

Inventory:

Hand Weapons
 a - a +0 falchion (weapon)
Armour
 b - a +0 leather armour (worn)
Jewellery
 h - a ring of protection from fire
Wands
 g - a wand of digging (3)
Scrolls
 c - a scroll of fog
 d - a scroll of magic mapping
 e - a scroll of fear
Potions
 f - a potion of haste


   Skills:
 - Level 3.0 Fighting
 + Level 1.8 Long Blades
 - Level 1.7 Dodging
 + Level 4.5 Stealth
 + Level 0.4 Invocations


You couldn't memorise any spells.
You didn't know any spells.
Your spell library was empty.

Dungeon Overview and Level Annotations

Branches:
Dungeon (5/15)             Temple (1/1) D:5

Altars:
Fedhas
Kikubaaqudgha
Nemelex Xobeh
Qazlal
Ru
Sif Muna
Trog
Uskayaw
Vehumet
Wu Jian
Xom
Yredelemnul


Message History

Ye start restin'.
HP restored.
Health restored: 18 Tha helpless quokka fails ta defend itself.
Ye slash tha quokka!
Ye kill tha quokka!
Nay target in view!
Nay target in view!
Nay target in view!
Found 2 stones.
Found a leathar armour.
Found 5 stones.
Found a twisted peridot rin'.
A white imp comes inta view.
Tha white imp grins evilly.
Ye see 'ere a rin' o' protection from fire.
h - a rin' o' protection from fire Tha white imp gestures at ye.
Tha puff o' frost hits ye.
Ye take 5 damage, an' haf 13/18 hp.
MASSIVE DAMAGE!!
Ye barely miss tha white imp.
Tha white imp hits ye but does nay damage.
Ye slash tha white imp!
Tha white imp be severely wounded.
Tha white imp gestures at ye.
Tha puff o' frost hits ye!
Ye take 7 damage, an' haf 6/18 hp.
MASSIVE DAMAGE!!
Ye hit tha white imp.
Tha white imp be almost dead.
Tha white imp hits ye.
* * * LOW HITPOINT WARNIN'
* * * Tha white imp freezes ye.
* * * LOW HITPOINT WARNIN'
* * * Ye take 4 damage, an' haf 2/18 hp.
MASSIVE DAMAGE!!
Ye hit tha white imp but do nay damage.
Tha white imp be almost dead.
Tha white imp gestures at ye.
Tha puff o' frost hits ye!
Ye die...
Yer body disappears without a glow.

#.# #.......#.. #.#
#.......#.# #.#
#.......#.# #.#
#.......... #.#
#(......#.. ##.#
####.###### #..#
.....### #
####.##.#######.8.###
#...@................
#.##5#..#.##.#8.>.8.#
# #.#..#.##.#......#
#..........#.8.###
.##..####.#.####
.##..####.#.##
........>....#
#.##..#####...# #...#


You could see a white imp.

Vanquished Creatures
  2 quokkas (D:5)
2 creatures vanquished.

Notes
Turn   | Place    | Note
-------+----------+-------------------------------------------
     0 | D:5      | ProzacElf the Demonspawn Delver began the quest for the
                  | Orb.
     0 | D:5      | Reached XP level 1. HP: 18/18 MP: 1/1
     1 | D:5      | Found a staircase to the Ecumenical Temple.
     7 | Temple   | Entered the Ecumenical Temple
    61 | Temple   | Became a worshipper of Nemelex Xobeh the Trickster
   177 | D:5      | Killed from afar by a white imp

Illustrated notes

Levels and vault maps discovered:
D:5:      layout_loops_cross, minmay_temple_entry_statues_pillars
Temple:   nicolae_temple_god_jail

Action                     || total
---------------------------++-------
  Melee: Falchion          ||     8
   Stab: Sleeping          ||     1
 Armour: Leather armour    ||     1

Action                     || total
---------------------------++-------
  Melee: Falchion          ||     8
   Stab: Sleeping          ||     1
 Armour: Leather armour    ||     1

Levels and vault maps discovered:
D:5:      layout_loops_cross, minmay_temple_entry_statues_pillars
Temple:   nicolae_temple_god_jail
